 Dungeon Sprint DCSS version 0.17-a0-1522-g6c5b4ba (webtiles) character file.

36 ztt the Covert (level 3, -2/16 HPs)
             Began as a Spriggan Enchanter on July 14, 2015.
             Was an Initiate of Dithmenos.
             Slain by a slime creature (18 damage)
             ... in the Dungeon (Sprint V: "Ziggurat Sprint").
             The game lasted 00:01:35 (104 turns).

ztt the Covert (Spriggan Enchanter)                  Turns: 104, Time: 00:01:35

Health: -2/16      AC:  3    Str:  4    XL:     3   Next: 19%
Magic:  8/8        EV: 18    Int: 29    God:    Dithmenos [......]
Gold:   0          SH:  0    Dex: 16    Spells: 3 memorised, 2 levels left

rFire  . . .     SeeInvis +     a - +1 dagger
rCold  . . .     Clarity  .     b - +1 robe
rNeg   . . .     SustAt   .     (shield restricted)
rPois  .         Gourm    .     (helmet restricted)
rElec  .         Spirit   .     (no cloak)
rCorr  .         Warding  .     (gloves unavailable)
rMut   .         NoTele   +     (boots unavailable)
MR     .....                    (no amulet)
Stlth  +++++.....               I - +6 ring of intelligence
                                H - +6 ring of intelligence

@: very quick, not resistant to hostile enchantments, quite stealthy
A: unfitting armour, see invisible, herbivore 3, speed 3, slow metabolism 2
a: Renounce Religion


You were in the Dungeon.
You worshipped Dithmenos.
Dithmenos was noncommittal.
You were not hungry.

You visited 1 branch

Inventory:

Hand weapons
 a - a +1 dagger (weapon)
 l - a +5 quick blade
 m - a +5 lajatang
Armour
 b - a +1 robe (worn)
 k - a +5 gold dragon armour
Jewellery
 F - a +6 ring of dexterity
 G - a +6 ring of dexterity
 H - a +6 ring of intelligence (left hand)
 I - a +6 ring of intelligence (right hand)
 J - a +6 ring of strength
 K - a +6 ring of strength
Magical devices
 y - a wand of disintegration (7)
 C - a wand of fire (5)
 D - a wand of cold (5)
 E - a wand of draining (5)
Scrolls
 j - 4 scrolls of blinking
 o - 4 scrolls of amnesia
 p - 3 scrolls of recharging
 q - 7 scrolls of fog
 r - a scroll of holy word
 s - 5 scrolls of identify
 t - 5 scrolls of remove curse
 u - 2 scrolls of fear
Potions
 e - 10 potions of curing
 f - 10 potions of heal wounds
 g - 6 potions of haste
 h - 7 potions of magic
 i - 3 potions of berserk rage
 v - 2 potions of brilliance
 w - 2 potions of invisibility
 x - 4 potions of resistance
 A - 5 potions of agility
 B - 5 potions of might
Books
 c - a book of Maledictions

   Spells                             Type                      Level
   a - Corona                         Hexes                        1
   b - Ensorcelled Hibernation        Hexes/Ice                    2
   c - Confuse                        Hexes                        3
   d - Tukima's Dance                 Hexes                        3
   e - Dazzling Spray                 Conjuration/Hexes            3
 z - a book of Minor Magic

   Spells                             Type                      Level
   a - Magic Dart                     Conjuration                  1
   b - Blink                          Translocation                2
   c - Call Imp                       Summoning                    2
   d - Repel Missiles                 Charms/Air                   2
   e - Slow                           Hexes                        2
   f - Conjure Flame                  Conjuration/Fire             3
   g - Mephitic Cloud                 Conjuration/Poison/Air       3
Comestibles
 d - 5 bread rations
 n - 42 fruits


   Skills:
 + Level 1.3 Short Blades
 + Level 3.3 Dodging
 * Level 9.8 Stealth
 + Level 3.2 Spellcasting
 + Level 8.0 Hexes


You had 2 spell levels left.
You knew the following spells:

 Your Spells              Type           Power        Failure   Level  Hunger
a - Corona                Hex            ######.      1%          1    None
b - Ensorcelled Hibernat  Hex/Ice        ####..       2%          2    #......
c - Confuse               Hex            ######..     1%          3    ##.....


Dungeon Overview and Level Annotations

Branches:
Dungeon (1/1)

Altars:
Ashenzari
Cheibriados
Dithmenos
Elyvilon
Fedhas
Gozag
Kikubaaqudgha
Makhleb
Nemelex Xobeh
Okawaru
Qazlal
Ru
Sif Muna
Trog
Vehumet
Xom
Yredelemnul
Zin
The Shining One
Beogh
Jiyva
Lugonu


Innate Abilities, Weirdness & Mutations

You are tiny and cannot use many weapons and most armour.
You have supernaturally acute eyesight.
You are a herbivore.
You cover ground extremely quickly.
You need consume almost no food.


Message History

z - a book of Minor Magic
Okay, then.
Memorise Confuse, consuming 3 spell levels and leaving 2?
You start memorising the spell.
You continue memorising.
You continue memorising. x2
You finish memorising.
Spell assigned to 'c'.
Okay, then.
Your surroundings seem different!
Welcome to arena 2.
An ooze, a slime creature and a giant eyeball come into view.
Found three items.
The helpless slime creature fails to defend itself.
You skewer the slime creature like a kebab!!!
The slime creature is severely wounded.
The slime creature closely misses you.
The ooze quivers.
You hit the slime creature.
The slime creature is severely wounded.
The slime creature hits you!!
Ouch! That really hurt!
You die...

▓▓▓▓▓▓▓▓▓▓▓▓▓
▓.8©8.▓.8©8.▓
▓.JGJ.▓.....▓
▓..@..▓.).†.▓
▓.....▓.....▓
▓.....▓.....▓
▓.....▓.....▓
▓.....▓▓▓▓▓▓▓
▓▓▓▓▓▓▓


You could see a slime creature, a giant eyeball and an ooze.

Vanquished Creatures
  An orc priest (D)
  An orc (D)
2 creatures vanquished.

Notes
Turn   | Place    | Note
--------------------------------------------------------------
     0 | D        | ztt the Spriggan Enchanter began the quest for the Orb.
     0 | D        | Reached XP level 1. HP: 9/9 MP: 5/5
     3 | D        | Found an iron altar of Okawaru.
     3 | D        | Found a radiant altar of Vehumet.
     3 | D        | Found a shimmering altar of Xom.
     3 | D        | Found a burning altar of Makhleb.
    14 | D        | Found a deep blue altar of Sif Muna.
    16 | D        | Found a white marble altar of Elyvilon.
    16 | D        | Found a sparkling altar of Nemelex Xobeh.
    16 | D        | Found a corrupted altar of Lugonu.
    16 | D        | Found a bloodstained altar of Trog.
    16 | D        | Found a roughly hewn altar of Beogh.
    16 | D        | Found a viscous altar of Jiyva.
    52 | D        | Became a worshipper of Dithmenos the Shadowed
    53 | D        | Reached skill level 9 in Stealth
    53 | D        | Reached XP level 2. HP: 13/13 MP: 6/6
    59 | D        | Learned a level 2 spell: Ensorcelled Hibernation
    68 | D        | Entered arena 1.
    68 | D        | Noticed an orc priest
    71 | D        | Killed an orc priest
    71 | D        | Reached XP level 3. HP: 16/16 MP: 6/8
    97 | D        | Learned a level 3 spell: Confuse
    98 | D        | Entered arena 2.
    98 | D        | Noticed a slime creature
   104 | D        | Slain by a slime creature

Vault maps used:
D:        sprint_v

Action                   || total
-------------------------++-------
Melee: Dagger            ||     4
  Use: Potion            ||     1
 Stab: Sleeping          ||     3
